 Dungeon Crawl Stone Soup version 0.23.1-37-gaa34b87 (webtiles) character file.

Game seed: 7418529725414958397

149121 Irenicus the Earth Mage (level 16, 0/118 HPs)
             Began as a Deep Dwarf Earth Elementalist on Mar 20, 2019.
             Was the Champion of Makhleb.
             Shot with a bolt by a naga sharpshooter (27 damage)
             ... on level 4 of the Snake Pit on Mar 21, 2019.
             The game lasted 02:42:29 (13567 turns).

Irenicus the Earth Mage (DDEE)                     Turns: 13567, Time: 02:42:30

Health: 0/118      AC: 16    Str: 12    XL:     16   Next: 66%
Magic:  0/26       EV: 23    Int: 29    God:    Makhleb [******]
Gold:   1266       SH:  6    Dex: 17    Spells: 9/25 levels left

rFire    + . .     SeeInvis .   V - staff of energy {@w1+MP, hungerless spells, !d!a}
rCold    . . .     Gourm    .   E - +0 buckler
rNeg     + . .     Faith    .   S - +0 swamp dragon scales
rPois    +         Spirit   .   P - +1 helmet
rElec    +         Reflect  .   (no cloak)
rCorr    .         Harm     .   k - +0 pair of gloves
MR       ++...                  T - +0 pair of boots of New Discoveries {Slay+3}
Stlth    +++++.....             (no amulet)
HPRegen  0.00/turn              O - ring of Jaygus {rElec EV+5 Int+6 Dex+4}
MPRegen  0.20/turn              K - ring of protection from fire {rF+, !d}

@: lethally poisoned (0 -> 0), non-regenerating
A: damage resistance, heal wounds, negative energy resistance 1, sense
surroundings 2, no regeneration
}: 1/15 runes: decaying
a: Heal Wounds, Minor Destruction, Lesser Servant of Makhleb, Major Destruction,
Greater Servant of Makhleb, Renounce Religion


You were on level 4 of the Snake Pit.
You worshipped Makhleb.
Makhleb was exalted by your worship.
You were not hungry.

You visited 6 branches of the dungeon, and saw 29 of its levels.
You also visited: Bailey, Gauntlet and Ice Cave.

You collected 3005 gold pieces.
You spent 1739 gold pieces at shops.

Inventory:

Hand Weapons
 i - a +9 dagger of venom
   (You found it on level 1 of the Dungeon)
 p - the +6 dire flail "Ahunom" {venom, rPois rC+ Str-3}
   (You took it off a gnoll sergeant in a bailey)

   It poisons the flesh of those it strikes.
   It affects your strength (-3).
   It protects you from cold.
   It protects you from poison.
 R - the +6 great mace of Dim Light {crush, rF++ rN+}
   (You found it on level 1 of the Lair of Beasts)

   It inflicts extra damage upon your enemies.
   It greatly protects you from fire.
   It protects you from negative energy.
Missiles
 e - 44 stones (quivered)
Armour
 k - a +0 pair of gloves (worn)
   (You found it on level 3 of the Lair of Beasts)
 E - a +0 buckler (worn)
   (You found it on level 8 of the Dungeon)
 P - a +1 helmet (worn)
   (You found it on level 1 of the Lair of Beasts)
 S - +0 swamp dragon scales (worn)
   (You found it on level 2 of the Swamp)
 T - the +0 pair of boots of New Discoveries (worn) {Slay+3}
   (You found it in a Gauntlet)

   It affects your accuracy and damage with ranged weapons and melee attacks
   (+3).
Magical Staves
 V - an uncursed staff of energy (weapon) {@w1+MP, hungerless spells, !d!a}
   (You found it on level 9 of the Dungeon)
 W - an uncursed staff of wizardry {wiz+, !a}
   (You found it in a Gauntlet)
 Y - an uncursed staff of earth
   (You found it in a Gauntlet)
Jewellery
 K - a ring of protection from fire (right hand) {rF+, !d}
   (You found it on level 11 of the Dungeon)
 L - an uncursed ring of protection from cold {rC+, !d}
   (You found it on level 12 of the Dungeon)
 M - an uncursed ring of resist corrosion
   (You found it on level 4 of the Lair of Beasts)
 O - the ring of Jaygus (left hand) {rElec EV+5 Int+6 Dex+4}
   (You bought it in a shop on level 9 of the Dungeon)

   [ring of evasion]

   It affects your evasion (+5).
   It affects your intelligence (+6).
   It affects your dexterity (+4).
   It insulates you from electricity.
 Q - the cursed necklace of Bloodlust {*Rage +Rage MR++ Int-3 Slay+6 *Curse}
   (You found it in an ice cave)

   [amulet of rage]

   It affects your intelligence (-3).
   It affects your accuracy and damage with ranged weapons and melee attacks
   (+6).
   It affects your resistance to hostile enchantments.
   It lets you go berserk.
   It may make you go berserk in combat.
   It curses itself when equipped.
   It has a curse placed upon it.
Wands
 j - a wand of iceblast (3)
   (You found it on level 3 of the Lair of Beasts)
 q - a wand of scattershot (6)
   (You found it on level 2 of the Dungeon)
 y - a wand of acid (4)
   (You took it off Harold on level 7 of the Dungeon)
 z - a wand of digging (5)
   (You found it on level 1 of the Snake Pit)
 Z - a wand of disintegration (3)
   (You found it in a Gauntlet)
Scrolls
 a - 8 scrolls of remove curse
 c - 6 scrolls of teleportation
 l - a scroll of amnesia
 n - 3 scrolls of immolation {!r}
 r - 5 scrolls of magic mapping {!r}
 t - 3 scrolls of enchant armour
 v - 4 scrolls of blinking {unknown}
 A - 4 scrolls of silence {unknown}
 D - 4 scrolls of vulnerability {!r!r}
 F - a scroll of fog
 I - a scroll of holy word {unknown}
 N - a scroll of acquirement {unknown}
Potions
 f - a potion of haste
 g - 7 potions of curing
 o - 4 potions of magic
 s - 3 potions of mutation {!q}
 u - 6 potions of lignification {!q}
 w - a potion of agility
 x - a potion of cancellation
 B - 3 potions of might
 C - 2 potions of brilliance
 H - a potion of berserk rage {!q}
 J - 2 potions of flight
Miscellaneous
 b - a fan of gales (inert)
   (You found it on level 4 of the Swamp)
 m - a lightning rod (inert)
   (You found it on level 6 of the Lair of Beasts)
 X - a phial of floods (inert)
   (You found it in a Gauntlet)
Comestibles
 d - 39 rations


   Skills:
 - Level 1.3 Fighting
 - Level 6.0 Short Blades
 + Level 13.0 Armour
 + Level 11.2 Dodging
 - Level 12.5 Stealth
 - Level 5.0 Shields
 - Level 5.1 Spellcasting
 - Level 3.0 Conjurations
 - Level 5.0 Translocations
 - Level 8.2 Transmutations
 - Level 20.3 Earth Magic
 - Level 14.0 Evocations


You had 9 spell levels left.
You knew the following spells:

 Your Spells              Type           Power        Failure   Level  Hunger
a - Sandblast             Erth           ######       0%          1    None
c - Petrify               Tmut/Erth      ######..     1%          4    None
g - Apportation           Tloc           #####.       1%          1    None
w - Passwall              Tmut/Erth      ######..     1%          2    None
x - Stone Arrow           Conj/Erth      ######       1%          3    None
z - Lee's Rapid Deconstr  Erth           #######...   1%          5    None

Your spell library contained the following spells:

 Spells                   Type           Power        Failure   Level  Hunger
 Shock                    Conj/Air       ###.         6%          1    None
 Animate Skeleton         Necr           N/A          11%         1    None
 Confusing Touch          Hex            #.....       11%         1    None
 Pain                     Necr           #...         11%         1    None
 Summon Small Mammal      Summ           #...         11%         1    None
 Ignite Poison            Fire/Tmut/Pois ###.....     11%         3    None
 Swiftness                Chrm/Air       #.......     17%         2    None
 Static Discharge         Conj/Air       ###.....     19%         3    None
 Vampiric Draining        Necr           #.........   32%         3    None
 Airstrike                Air            #.........   73%         4    None
 Animate Dead             Necr           N/A          73%         4    None
 Fireball                 Conj/Fire      ###.......   86%         5    None
 Lightning Bolt           Conj/Air       ###.......   86%         5    None
 Bolt of Fire             Conj/Fire      ###.......   100%        6    None
 Ring of Flames           Chrm/Fire      #.........   100%        7    None
 Ignition                 Fire           #.........   100%        8    None
 Regeneration             Chrm/Necr      Unusable     N/A         3    N/A

Dungeon Overview and Level Annotations

Branches:
Dungeon (12/15)            Temple (1/1) D:4            Lair (6/6) D:10
  Swamp (4/4) Lair:2        Snake (4/4) Lair:4        Slime (0/5) Lair:6
    Orc (2/2) D:10            Elf (0/3) Orc:2

Altars:
Ashenzari
Dithmenos
Elyvilon
Kikubaaqudgha
Makhleb
Nemelex Xobeh
Okawaru
Sif Muna
Uskayaw
Vehumet
Xom
Zin
Jiyva

Shops:
D:8 }?*   D:9 *=%}   D:11 =   Orc:2 *%!?

Annotations:
Snake:1 1 runed translucent door, SirCrawlalot's ghost, journeyman MiFi
Orc:1 exclusion: downstairs
Orc:2 exclusion: Saint Roka, Saint Roka


Innate Abilities, Weirdness & Mutations

You are resistant to damage.
You can heal yourself by infusing magical energy.
You resist negative energy. (rN+)
You passively map the area around you.
You do not regenerate.


Message History

You are more poisoned.
You resist.
You take 2 damage, and have 44/118 hp.
Okay, then.
A rock wall.
Okay, then.
Nothing appears to happen.
A rock wall.
The wall shatters!
The blast of rock fragments hits the naga!
The blast of rock fragments hits the naga warrior!!
You kill the naga warrior!
Makhleb accepts your kill.
You feel better.
Your Armour skill increases to level 13!
You regained 19 hp, and now have 63/118 hp.
You now have 4/26 mp.
Aim: a naga, wielding a +2 halberd of protection (almost dead)
The blast of sand hits the naga!
You kill the naga!
Makhleb accepts your kill.
You feel better.
e - 50 stones You regained 8 hp, and now have 71/118 hp.
You now have 3/26 mp.
You channel some magical energy.
You feel slightly more hungry.
A naga sharpshooter comes into view. It is wielding a +0 halberd.
You regained 3 mp, and now have 6/26 mp.
The naga sharpshooter hits you from afar with a +0 halberd.
You take 4 damage, and have 67/118 hp.
The naga sharpshooter unwields a +0 halberd.
The naga sharpshooter wields a +2 arbalest of flaming.
It bursts into flame!
The naga sharpshooter shoots a bolt.
The bolt hits you! The bolt burns you.
Items here: ( ) [ † a bolt; a cursed -1 flail; a +0 large shield; a naga corpse You take 11 damage, and have 56/118 hp.
Aim: a naga sharpshooter, wielding a +2 arbalest of flaming The blast of sand hits the naga sharpshooter but does no damage.
e - 49 stones
Aim: a naga sharpshooter, wielding a +2 arbalest of flaming The blast of sand hits the naga sharpshooter!
e - 48 stones The naga sharpshooter casts a spell.
The naga sharpshooter magically shoots a bolt.
The bolt hits you! The bolt burns you.
You take 6 damage, and have 50/118 hp.
You now have 5/26 mp.
Aim: a naga sharpshooter, wielding a +2 arbalest of flaming (lightly wounded)
The blast of sand hits the naga sharpshooter!
e - 47 stones The naga sharpshooter shoots a bolt.
The bolt misses you.
You now have 4/26 mp.
Aim: a naga sharpshooter, wielding a +2 arbalest of flaming (moderately wounded, chance to defeat MR: 32%)
The naga sharpshooter easily resists.
The naga sharpshooter shoots a bolt.
The bolt hits you!!
* * * LOW HITPOINT WARNING * * *
The bolt burns you.
You take 18 damage, and have 32/118 hp.
You now have 0/26 mp.
Aim: a naga sharpshooter, wielding a +2 arbalest of flaming (moderately wounded, chance to defeat MR: 56%)
The naga sharpshooter is blasted!!
You channel some magical energy.
You feel slightly more hungry.
The naga sharpshooter spits poison at you.
The splash of poison misses you.
You regained 2 mp, and now have 2/26 mp.
Aim: a naga sharpshooter, wielding a +2 arbalest of flaming (heavily wounded, catching its breath)
The blast of sand hits the naga sharpshooter!
e - 46 stones The naga sharpshooter spits poison at you.
The splash of poison hits you but does no damage.
You resist.
You now have 1/26 mp.
Aim: a naga sharpshooter, wielding a +2 arbalest of flaming (severely wounded, catching its breath)
The blast of sand hits the naga sharpshooter but does no damage.
e - 45 stones The naga sharpshooter shoots a bolt.
The bolt barely misses you.
You now have 0/26 mp.
Aim: a naga sharpshooter, wielding a +2 arbalest of flaming (severely wounded, catching its breath, chance to defeat MR: 56%)
The naga sharpshooter resists with significant effort.
The naga sharpshooter shoots a bolt.
The bolt hits you!
* * * LOW HITPOINT WARNING * * *
The bolt burns you.
You take 5 damage, and have 27/118 hp.
Aim: a naga sharpshooter, wielding a +2 arbalest of flaming (severely wounded, catching its breath)
The bolt of acid hits the naga sharpshooter!
The naga sharpshooter is splashed with acid!
The acid corrodes the naga sharpshooter!
The naga sharpshooter shoots a bolt.
The bolt barely misses you.
You hear a shout!
Nothing appears to happen.
Aim: a naga sharpshooter, wielding a +2 arbalest of flaming (almost dead, covered in acid)
The blast of sand misses the naga sharpshooter.
e - 44 stones The naga sharpshooter shoots a bolt.
The bolt misses you.
You now have 0/26 mp.
Okay, then.
Nothing appears to happen.
The naga sharpshooter casts a spell.
The naga sharpshooter magically shoots a bolt.
The bolt hits you!!
You die...

, .....(.........#
* ............N.##
,
.......N......#####
.......####.)..).#
*
,.......#####...###
, ,####..).†##.).##
,,, #.###).....# ,
, ,.* #.# ##N..###
, , ,...#..##@####*
,, .........# * *
,........## * , ,
#....(..# ,* *
...##.... ** , ,..*
#.....* , * . *
[.....#* ,
......##* ,
.......#


You could see a naga sharpshooter.

Vanquished Creatures
  the Lernaean hydra (Swamp:4)
  A tentacled monstrosity (Swamp:2)
  Kirke (Lair:5)
  A thorn hunter (Swamp:3)
  A nagaraja (Snake:4)
  A ghoul (Swamp:1)
  A minotaur (Gauntlet)
  Erolcha (D:12)
  The ghost of Kairos the Unseen, a journeyman VSAs of Uskayaw (Lair:6)
  Harold (D:7)
  A hell beast (Gauntlet)
  4 naga warriors
  20 hydras
  A ghost crab (Swamp:4)
  5 two-headed ogres
  3 anacondas
  4 alligators
  3 catoblepae (Lair:6)
  16 death yaks
  5 naga sharpshooters
  An orc high priest (Orc:2)
  3 shock serpents (Snake:4)
  A salamander mystic (Snake:2)
  13 swamp dragons
  An unseen horror (D:12)
  A spriggan druid (Swamp:2)
  A naga ritualist (Snake:3)
  Pikel (D:5)
  A lindwurm (Lair:5)
  2 mana vipers (Snake:1)
  4 orc sorcerers (Orc:2)
  4 salamanders (Snake:2)
  2 ugly things (IceCv)
  2 manticores (Lair:6)
  10 black mambas
  2 ice statues (IceCv)
  A guardian serpent (Snake:4)
  2 naga magi
  14 elephants
  3 molten gargoyles (Lair:6)
  A gargoyle (D:10)
  23 spiny frogs
  2 torpor snails
  10 komodo dragons
  2 rime drakes
  3 meliai (Lair:5)
  9 tyrant leeches
  A polar bear (Lair:6)
  3 trolls
  A hornet (D:8)
  3 queen bees
  Grinder (D:3)
  8 slime creatures
  A dream sheep (Lair:4)
  A meliai zombie (D:11)
  11 bog bodies
  14 blink frogs
  7 hippogriffs
  Sigmund (D:5)
  12 flying skulls (Gauntlet)
  4 shadows
  6 fire bats (Lair:6)
  A hog (Lair:5)
  34 yaks
  A wyvern (Lair:5)
  7 basilisks
  2 vampire mosquitoes (Swamp:2)
  16 nagas
  12 swamp worms
  An insubstantial wisp (Swamp:1)
  21 water moccasins
  A hell hound (Gauntlet)
  10 porcupines
  A hornet zombie (D:12)
  3 sky beasts
  A black bear (D:12)
  11 swamp drakes
  15 ice beasts
  18 orc warriors
  5 necrophages
  A wolf (Lair:5)
  11 centaurs
  4 ogres
  13 crocodiles
  8 gnoll sergeants (Bailey)
  12 bullfrogs
  8 scorpions
  58 killer bees
  4 howler monkeys
  5 crimson imps
  2 quasits (D:11)
  2 lava snakes (Lair:6)
  2 bullfrog zombies
  8 hounds
  5 jellies
  24 orc wizards
  22 orc priests
  2 bullfrog skeletons
  A centaur skeleton (D:4)
  6 gnoll shamans (Bailey)
  3 iguanas
  8 worker ants
  2 hound skeletons (D:8)
  A howler monkey zombie (D:5)
  3 howler monkey skeletons
  3 worker ant zombies
  14 gnolls (Bailey)
  13 adders
  2 shadow imps
  5 oozes (D:9)
  An adder skeleton (D:8)
  3 worms
  2 dart slugs
  5 leopard geckos
  48 orcs
  5 giant cockroaches
  5 goblins
  4 hobgoblins (D:3)
  4 jackals
  3 quokkas
  8 bats
  6 frilled lizards
  A jackal skeleton (D:4)
  6 kobolds
  A quokka skeleton (D:4)
  4 rats
  A fungus (Lair:6)
784 creatures vanquished.

Vanquished Creatures (collateral kills)
  A catoblepas (Lair:6)
  A salamander (Lair:6)
  2 blink frogs (Lair:6)
  A hippogriff (Lair:6)
  A yak (Lair:6)
6 creatures vanquished.

Vanquished Creatures (others)
  2 black mambas (Snake:4)
  2 spiny frogs (Swamp:4)
  A bog body (Swamp:1)
  2 humans (Lair:5)
  A slave (D:8)
  A scorpion (D:8)
  A bush (Lair:6)
  8 fungi
  15 plants
33 creatures vanquished.

Grand Total: 823 creatures vanquished

Notes
Turn   | Place    | Note
-------+----------+-------------------------------------------
     0 | D:1      | Irenicus the Deep Dwarf Earth Elementalist began the quest
                  | for the Orb.
     0 | D:1      | Reached XP level 1. HP: 15/15 MP: 3/3
     6 | D:1      | Noticed a swamp worm
     6 | D:1      | Noticed a five-headed hydra
     6 | D:1      | Noticed a polar bear
     6 | D:1      | Noticed a black mamba
   305 | D:1      | Reached XP level 2. HP: 16/22 MP: 1/4
   310 | D:1      | Reached skill level 1 in Armour
   335 | D:1      | Found a shattered altar of Ashenzari.
   420 | D:2      | Found a shadowy altar of Dithmenos.
   505 | D:2      | Reached skill level 5 in Earth Magic
   521 | D:2      | Learned a level 2 spell: Passwall
   585 | D:2      | Reached XP level 3. HP: 20/28 MP: 3/5
   857 | D:3      | Reached skill level 6 in Earth Magic
  1040 | D:3      | Noticed Grinder
  1045 | D:3      | Reached XP level 4. HP: 22/36 MP: 2/6
  1057 | D:3      | Killed Grinder
  1057 | D:3      | Reached skill level 8 in Earth Magic
  1057 | D:3      | Reached XP level 5. HP: 26/42 MP: 0/7
  1057 | D:3      | Reached XP level 6. HP: 30/49 MP: 0/8
  1142 | D:3      | Reached skill level 9 in Earth Magic
  1156 | D:3      | You fall through a shaft for 2 floors!
  1156 | D:5      | Entered Level 5 of the Dungeon
  1227 | D:5      | Found a radiant altar of Vehumet.
  1311 | D:5      | Noticed Sigmund
  1320 | D:5      | Killed Sigmund
  1320 | D:5      | Reached skill level 10 in Earth Magic
  1404 | D:5      | Reached XP level 7. HP: 27/55 MP: 7/9
  1436 | D:5      | Reached skill level 2 in Spellcasting
  1470 | D:5      | HP: 11/55 [ice beast (10)]
  1486 | D:5      | Found a glowing silver altar of Zin.
  1620 | D:4      | Found a staircase to the Ecumenical Temple.
  1630 | D:4      | You fall through a shaft!
  1665 | D:5      | HP: 8/55 [centaur/arrow (8)]
  1669 | D:5      | Reached skill level 3 in Spellcasting
  1710 | D:4      | Reached skill level 11 in Earth Magic
  1712 | Temple   | Entered the Ecumenical Temple
  1726 | Temple   | Became a worshipper of Makhleb the Destroyer
  2032 | D:4      | Learned a level 5 spell: Lee's Rapid Deconstruction
  2037 | D:4      | Learned a level 4 spell: Petrify
  2087 | D:5      | Reached XP level 8. HP: 30/62 MP: 9/12
  2187 | D:5      | Reached skill level 12 in Earth Magic
  2190 | D:5      | HP: 14/62 [slave[Pikel] (6)]
  2248 | D:5      | Noticed Pikel
  2266 | D:5      | Killed Pikel
  2266 | D:5      | Reached skill level 13 in Earth Magic
  2537 | D:6      | Reached skill level 14 in Earth Magic
  2546 | D:6      | Found a hide-covered altar of Uskayaw.
  2629 | D:6      | Reached * piety under Makhleb
  2629 | D:6      | Gained mutation: You passively map the area around you.
                  | [Deep Dwarf growth]
  2629 | D:6      | Reached XP level 9. HP: 26/68 MP: 10/13
  2711 | D:6      | Reached skill level 3 in Stealth
  2836 | D:7      | Noticed Harold
  2852 | D:7      | Killed Harold
  2852 | D:7      | Reached skill level 15 in Earth Magic
  3101 | D:8      | Reached skill level 16 in Earth Magic
  3143 | D:8      | Reached skill level 1 in Transmutations
  3145 | D:8      | Found a flagged portal.
  3154 | Bailey   | Entered a bailey
  3163 | Bailey   | HP: 12/68 [gnoll/+0 halberd (8)]
  3197 | Bailey   | Reached ** piety under Makhleb
  3197 | Bailey   | Reached skill level 2 in Transmutations
  3203 | Bailey   | Reached skill level 1 in Evocations
  3221 | Bailey   | Reached skill level 2 in Evocations
  3246 | Bailey   | Reached skill level 3 in Evocations
  3251 | Bailey   | HP: 15/68 [gnoll shaman/+0 spear (5)]
  3259 | Bailey   | Reached skill level 4 in Evocations
  3261 | Bailey   | HP: 11/68 [gnoll/+0 spear (2)]
  3270 | Bailey   | HP: 11/68 [gnoll/+0 spear (1)]
  3310 | Bailey   | HP: 1/68 [gnoll sergeant/+0 bardiche (15)]
  3324 | Bailey   | Identified the +6 dire flail "Ahunom" {venom, rPois rC+
                  | Str-3}
  3333 | Bailey   | Reached XP level 10. HP: 7/75 MP: 0/15
  3348 | Bailey   | Reached skill level 5 in Evocations
  3522 | D:8      | Reached skill level 6 in Evocations
  3530 | D:8      | Reached skill level 4 in Stealth
  3543 | D:8      | Found Japse's Gadget Emporium.
  3556 | D:8      | Reached skill level 1 in Short Blades
  3569 | D:8      | Found a deep blue altar of Sif Muna.
  3671 | D:8      | Found Xeolliewa's Magic Scroll Shop.
  3676 | D:8      | Found a shattered altar of Ashenzari.
  3682 | D:8      | Found Tatukk's General Store.
  3770 | D:8      | Bought 21 stones for 27 gold pieces
  3770 | D:8      | Bought 17 stones for 22 gold pieces
  3907 | D:8      | HP: 18/76 [centaur/arrow (12)]
  3912 | D:8      | Reached *** piety under Makhleb
  3916 | D:8      | Reached skill level 1 in Fighting
  4109 | D:9      | Found Rocuu's Food Boutique.
  4129 | D:9      | Reached skill level 1 in Shields
  4139 | D:9      | Found Masole's Gadget Emporium.
  4149 | D:9      | Reached skill level 5 in Stealth
  4220 | D:9      | Reached skill level 2 in Shields
  4288 | D:9      | Reached skill level 3 in Shields
  4382 | D:9      | Reached skill level 4 in Shields
  4435 | D:9      | Found Qanext's Jewellery Shoppe.
  4452 | D:9      | Found an iron altar of Okawaru.
  4465 | D:9      | Reached skill level 5 in Shields
  4663 | D:9      | Found Eruajeod's General Store.
  4706 | D:10     | Entered Level 10 of the Dungeon
  4725 | D:10     | Learned a level 3 spell: Stone Arrow
  4775 | D:10     | Noticed a gargoyle
  4778 | D:10     | Killed a gargoyle
  4778 | D:10     | Reached skill level 3 in Dodging
  4778 | D:10     | Reached skill level 7 in Evocations
  4779 | D:10     | Noticed a two-headed ogre
  4807 | D:10     | Killed a two-headed ogre
  4807 | D:10     | Reached skill level 8 in Evocations
  4856 | D:10     | Reached skill level 4 in Dodging
  4966 | D:10     | Noticed a death yak
  4967 | D:10     | Noticed a death yak
  4974 | D:10     | Noticed a death yak
  4976 | D:10     | Noticed a death yak
  4977 | D:10     | Noticed a death yak
  4988 | D:10     | Killed a death yak
  4988 | D:10     | Reached skill level 2 in Short Blades
  5092 | D:10     | Reached XP level 11. HP: 84/84 MP: 6/17
  5120 | D:10     | Found a staircase to the Lair.
  5214 | D:10     | Found a staircase to the Orcish Mines.
  5227 | D:10     | Noticed a death yak
  5247 | D:10     | HP: 14/84 [death yak (14)]
  5250 | D:10     | Killed a death yak
  5250 | D:10     | Reached **** piety under Makhleb
  5250 | D:10     | Reached skill level 3 in Short Blades
  5250 | D:10     | Reached skill level 5 in Dodging
  5298 | D:11     | Noticed a two-headed ogre
  5369 | D:11     | Killed a two-headed ogre
  5413 | D:11     | Reached skill level 6 in Stealth
  5413 | D:11     | Reached skill level 9 in Evocations
  5557 | D:11     | Found Zecuew's Jewellery Shop.
  5633 | D:11     | Noticed a two-headed ogre
  5647 | D:11     | Killed a two-headed ogre
  5647 | D:11     | Reached skill level 7 in Stealth
  5730 | D:12     | Noticed Erolcha
  5742 | D:12     | Killed Erolcha
  5742 | D:12     | Reached skill level 10 in Evocations
  5748 | D:12     | Reached skill level 8 in Stealth
  5829 | D:12     | Killed an unseen horror
  5840 | D:12     | Reached ***** piety under Makhleb
  5875 | D:12     | Noticed a two-headed ogre
  5883 | D:12     | Killed a two-headed ogre
  5883 | D:12     | Reached skill level 9 in Stealth
  5883 | D:12     | Reached skill level 11 in Evocations
  5953 | D:12     | Noticed a two-headed ogre
  5965 | D:12     | Killed a two-headed ogre
  6107 | D:12     | Reached skill level 10 in Stealth
  6260 | D:10     | Killed a death yak
  6260 | D:10     | Reached XP level 12. HP: 92/92 MP: 13/20
  6262 | D:10     | Killed a death yak
  6262 | D:10     | Reached skill level 12 in Evocations
  6264 | D:10     | Killed a death yak
  6272 | D:10     | Killed a death yak
  6345 | Orc:1    | Entered Level 1 of the Orcish Mines
  6348 | Orc:1    | Reached skill level 11 in Stealth
  6544 | Orc:2    | Entered Level 2 of the Orcish Mines
  6642 | Orc:2    | Found a staircase to the Elven Halls.
  6807 | Orc:2    | Reached skill level 13 in Evocations
  6819 | Orc:2    | Reached ****** piety under Makhleb
  6896 | Orc:2    | Found Nanoch's Magic Scroll Emporium.
  6896 | Orc:2    | Found Mant's Food Shoppe.
  6897 | Orc:2    | Found Onturch's Assorted Antiques.
  6899 | Orc:2    | Noticed an orc high priest
  6900 | Orc:2    | Found Zuzo's Distillery.
  6911 | Orc:2    | Killed an orc high priest
  6911 | Orc:2    | Reached skill level 12 in Stealth
  6958 | Orc:2    | HP: 21/92 [orc warrior/+0 mace (15)]
  6963 | Orc:2    | HP: 12/92 [orc warrior/+0 mace (9)]
  7011 | Orc:2    | Bought a cyan potion for 34 gold pieces
  7011 | Orc:2    | Bought a scroll labeled ZIQOIM TUNWISK for 38 gold pieces
  7012 | Orc:2    | Bought a potion of heal wounds for 55 gold pieces
  7012 | Orc:2    | Bought a potion of lignification for 33 gold pieces
  7093 | Orc:2    | Noticed Saint Roka
  7168 | D:9      | Bought the ring of Jaygus {rElec EV+5 Int+6 Dex+4} for 1530
                  | gold pieces
  7248 | Lair:1   | Entered Level 1 of the Lair of Beasts
  7336 | Lair:1   | Reached skill level 2 in Armour
  7340 | Lair:1   | Reached skill level 3 in Armour
  7382 | Lair:1   | Found a frozen archway.
  7397 | Lair:1   | Reached skill level 4 in Armour
  7427 | IceCv    | Entered an ice cave
  7433 | IceCv    | Reached skill level 5 in Armour
  7450 | IceCv    | Found a transporter.
  7482 | IceCv    | Found the cursed necklace of Bloodlust {*Rage +Rage MR++
                  | Int-3 Slay+6 *Curse}
  7490 | IceCv    | Reached skill level 6 in Armour
  7499 | IceCv    | Found a transporter.
  7613 | Lair:1   | Reached XP level 13. HP: 98/98 MP: 0/23
  7615 | Lair:1   | Irenicus: ?? screech
  7615 | Lair:1   | beem: I don't have a page labeled screech in my learndb.
  7689 | Lair:1   | Identified the +6 great mace of Dim Light {crush, rF++ rN+}
                  | (You found it on level 1 of the Lair of Beasts)
  7709 | Lair:1   | Reached skill level 7 in Armour
  7783 | Lair:1   | You fall through a shaft!
  8156 | Lair:2   | Reached skill level 8 in Armour
  8158 | Lair:2   | Found a staircase to the Swamp.
  8481 | Lair:2   | Found the cursed +13 scythe of Curses {drain, *Curse}
  8601 | Lair:3   | Reached skill level 9 in Armour
  8765 | Lair:3   | Reached skill level 3 in Transmutations
  8806 | Lair:3   | Reached skill level 4 in Transmutations
  9219 | Lair:4   | Reached skill level 5 in Transmutations
  9358 | Lair:4   | Reached skill level 6 in Transmutations
  9442 | Lair:4   | Found a staircase to the Snake Pit.
  9616 | Lair:4   | Reached skill level 7 in Transmutations
  9686 | Lair:5   | Reached skill level 4 in Spellcasting
  9705 | Lair:5   | Noticed Kirke
  9729 | Lair:5   | Killed Kirke
  9772 | Lair:5   | Found a gate leading to a gauntlet.
  9796 | Gauntlet | Entered a Gauntlet
  9796 | Gauntlet | Found a transporter.
  9796 | Gauntlet | Found a transporter.
  9797 | Gauntlet | Found a transporter.
  9797 | Gauntlet | Found a transporter.
  9800 | Gauntlet | Found a transporter.
  9801 | Gauntlet | Found a transporter.
  9816 | Gauntlet | Found a transporter.
  9818 | Gauntlet | Found a transporter.
  9827 | Gauntlet | Found a transporter.
  9827 | Gauntlet | Found a transporter.
  9834 | Gauntlet | Found a transporter.
  9835 | Gauntlet | Found a transporter.
  9933 | Gauntlet | Irenicus: ?? flying skull
  9933 | Gauntlet | beem: flying skull[1/2]: Fast, swarming undead.
  9950 | Gauntlet | Reached skill level 5 in Spellcasting
  9952 | Gauntlet | Gained mutation: You resist negative energy. (rN+) [Deep
                  | Dwarf growth]
  9952 | Gauntlet | Reached XP level 14. HP: 105/105 MP: 1/24
  9959 | Gauntlet | Got a pair of bloodstained boots
  9965 | Gauntlet | Identified the cursed +0 pair of boots of New Discoveries
                  | {Slay+3} (You found it in a Gauntlet)
  9997 | Gauntlet | Reached skill level 8 in Transmutations
 10015 | Gauntlet | Got a heavily runed graven amulet
 10016 | Gauntlet | Identified the amulet "Ojefupt" {Harm *Drain rN+ Int-2
                  | Slay+3 Stlth+} (You found it in a Gauntlet)
 10037 | Gauntlet | Reached skill level 14 in Evocations
 10171 | Lair:5   | Reached skill level 1 in Conjurations
 10199 | Lair:5   | Reached skill level 2 in Conjurations
 10278 | Lair:5   | Reached skill level 3 in Conjurations
 10379 | Lair:5   | Reached skill level 17 in Earth Magic
 10653 | Lair:5   | Reached skill level 4 in Short Blades
 10735 | Lair:6   | Entered Level 6 of the Lair of Beasts
 10763 | Lair:6   | Reached skill level 5 in Short Blades
 10783 | Lair:6   | Reached skill level 18 in Earth Magic
 10834 | Lair:6   | Reached skill level 6 in Short Blades
 10931 | Lair:6   | Reached skill level 19 in Earth Magic
 10931 | Lair:6   | Reached XP level 15. HP: 103/111 MP: 2/25
 11121 | Lair:6   | Found a runed translucent door.
 11122 | Lair:6   | Noticed Kairos's ghost (journeyman VSAs)
 11142 | Lair:6   | Killed Kairos's ghost
 11383 | Lair:6   | Found a viscous altar of Jiyva.
 11384 | Lair:6   | Found a staircase to the Slime Pits.
 11489 | Lair:6   | Got a warped falchion
 11490 | Lair:6   | Identified the cursed +1 falchion "Diret" {freeze, rElec
                  | Str+3} (You found it on level 6 of the Lair of Beasts)
 11657 | Swamp:1  | Entered Level 1 of the Swamp
 11692 | Swamp:1  | Reached skill level 20 in Earth Magic
 11834 | Swamp:2  | Noticed a tentacled monstrosity
 11856 | Swamp:2  | Killed a tentacled monstrosity
 11867 | Swamp:2  | Learned a level 1 spell: Apportation
 11907 | Swamp:2  | Reached skill level 1 in Translocations
 11929 | Swamp:2  | Reached skill level 6 in Dodging
 11943 | Swamp:2  | Reached skill level 2 in Translocations
 11993 | Swamp:2  | Reached skill level 3 in Translocations
 12072 | Swamp:3  | Noticed a thorn hunter
 12192 | Swamp:4  | Entered Level 4 of the Swamp
 12257 | Swamp:4  | Reached skill level 4 in Translocations
 12297 | Swamp:4  | HP: 22/111 [spiny frog/exploding inner flame[the player
                  | character] (12)]
 12307 | Swamp:4  | Reached skill level 10 in Armour
 12310 | Swamp:4  | Reached skill level 5 in Translocations
 12358 | Swamp:4  | Noticed the 27-headed Lernaean hydra
 12364 | Swamp:4  | Reached skill level 7 in Dodging
 12367 | Swamp:4  | HP: 27/111 [the 27-headed Lernaean hydra (6)]
 12416 | Swamp:4  | HP: 25/111 [tyrant leech (9)]
 12502 | Swamp:3  | HP: 25/111 [swamp worm/harpoon shot (18)]
 12593 | Swamp:4  | Killed the 27-headed Lernaean hydra
 12593 | Swamp:4  | HP: 24/111 [swamp dragon/exploding inner flame[the player
                  | character] (27)]
 12593 | Swamp:4  | Reached skill level 8 in Dodging
 12600 | Swamp:4  | Reached XP level 16. HP: 91/118 MP: 1/26
 12612 | Swamp:4  | Reached skill level 11 in Armour
 12635 | Swamp:4  | Reached skill level 9 in Dodging
 12731 | Swamp:4  | Got a decaying rune of Zot
 12891 | Swamp:3  | Killed a thorn hunter
 12997 | Snake:1  | Entered Level 1 of the Snake Pit
 12997 | Snake:1  | Found a runed translucent door.
 12997 | Snake:1  | Found a shimmering altar of Xom.
 12997 | Snake:1  | Noticed SirCrawlalot's ghost (journeyman MiFi)
 13050 | Snake:1  | HP: 29/118 [anaconda (1)]
 13056 | Snake:1  | HP: 27/118 [mana viper (1)]
 13269 | Snake:2  | Reached skill level 12 in Armour
 13269 | Snake:2  | Reached skill level 10 in Dodging
 13421 | Snake:4  | Entered Level 4 of the Snake Pit
 13500 | Snake:4  | Reached skill level 11 in Dodging
 13550 | Snake:4  | Reached skill level 13 in Armour
 13563 | Snake:4  | HP: 27/118 [naga sharpshooter/bolt (5)]
 13567 | Snake:4  | Shot with a bolt by a naga sharpshooter

Skill      XL: |  1  2  3  4  5  6  7  8  9 10 11 12 13 14 15 16 |
---------------+-------------------------------------------------+-----
Armour         | 1 6 9 10 13 | 13.0
Earth Magic    | 5 6 8 10 11 14 16 19 20 | 20.3
Spellcasting   | 3 5 |  5.1
Stealth        | 3 5 10 12 | 12.5
Transmutations | 2 7 8 |  8.2
Evocations     | 4 8 11 13 14 | 14.0
Short Blades   | 2 3 6 |  6.0
Fighting       | 1 |  1.3
Shields        | 5 |  5.0
Dodging        | 4 5 8 11 | 11.2
Conjurations   | 3 |  3.0
Translocations | 5 |  5.0

Action                   |  1- 3 |  4- 6 |  7- 9 | 10-12 | 13-15 | 16-18 || total
-------------------------+-------+-------+-------+-------+-------+-------++-------
Melee: Dagger            |    20 |     9 |    16 |    61 |    92 |    38 ||   236
Throw: Throwing net      |       |       |     3 |     7 |     1 |       ||    11
 Cast: Sandblast         |    41 |    21 |   129 |   181 |    83 |    65 ||   520
       Passwall          |     2 |     4 |    16 |    21 |    16 |     3 ||    62
       Lee's Rapid Decon |       |       |     2 |    59 |    91 |    28 ||   180
       Petrify           |       |       |     1 |    27 |    83 |    24 ||   135
       Stone Arrow       |       |       |       |    46 |   120 |     8 ||   174
       Apportation       |       |       |       |       |    10 |     3 ||    13
 Abil: Heal Wounds       |       |       |     1 |       |       |       ||     1
Evoke: Wand              |       |     3 |    32 |    32 |    45 |    12 ||   124
       Staff of energy   |       |       |       |   141 |   288 |    85 ||   514
       Phial of floods   |       |       |       |       |     4 |     2 ||     6
       Lightning rod     |       |       |       |       |     9 |    12 ||    21
       Fan of gales      |       |       |       |       |     1 |     1 ||     2
  Use: Scroll            |     7 |       |     5 |    12 |    19 |     4 ||    47
       Potion            |       |       |     6 |     2 |    11 |     2 ||    21
 Stab: Sleeping          |     1 |     3 |     4 |    11 |    22 |     6 ||    47
       Petrified         |       |       |     6 |    37 |    54 |    12 ||   109
  Eat: Chunk             |     1 |     2 |     8 |    10 |    21 |     1 ||    43
       Ration            |       |       |       |     4 |     4 |     2 ||    10
Armor: Leather armour    |    12 |     9 |    12 |    27 |       |       ||    60
       Scale mail        |       |       |       |     8 |   186 |       ||   194
       Swamp dragon scal |       |       |       |       |    47 |    74 ||   121
Dodge: Dodged            |    19 |     7 |    50 |   172 |   517 |   245 ||  1010
Block: Buckler           |       |       |       |    43 |   162 |    62 ||   267

Levels and vault maps discovered:
D:1:      onia_arrival_zoo_common, layout_rooms, ashenzari_altar_1
D:2:      layout_basic, nicolae_dithmenos_shadow_blocks
D:3:      layout_loops_cross, uniq_grinder
D:4:      layout_rooms, minmay_temple_entry_tees
D:5:      layout_loops_corners, nicolae_overflow_crystal_walls,
          kennysheep_mini_moat, first_ration, grunt_decor_resistance,
          uniq_pikel, uniq_sigmund
D:6:      layout_loops_ring, lemuel_coloured_pillars_altar
D:7:      layout_rooms, uniq_harold
D:8:      layout_layer_cave, lemuel_round_altar, basic_altar, enter_bailey_8,
          serial_shops, shop, nicolae_shop_statue_plus, shop
D:9:      layout_basic, marbit_many_paths, serial_shops,
          nicolae_shop_statue_plus, nicolae_shop_competitors_out_of_business,
          shop, nicolae_shop_competitors_out_of_business,
          hangedman_little_slice_of_home
D:10:     layout_small_grid, dpeg_lair_monsters, orc_0_dummy
D:11:     layout_cave_pools, serial_shops, shop, hex_medium
D:12:     layout_small_grid, uniq_erolcha
Temple:   regret_index_temple_sphere_string
Lair:1:   layout_roguey [special_room_bee], portal_ice_cave_entry_ice_beasts,
          wad_woods_road_03
Lair:2:   layout_layer_cave, minmay_swamp_entry_worms
Lair:3:   layout_cave_pods
Lair:4:   layout_gridlike, minmay_snake_entry_guardpost_small,
          columned_hall_lemuel, nzn_random_ring
Lair:5:   regret_index_wax_grids, layout_regular_city, gauntlet_entry_generic,
          grunt_megastairs_5, uniq_kirke
Lair:6:   evilmike_catoblepas_cave, layout_gridlike,
          dpeg_slime_entry_enclosed_altar, ebering_ghost_inner_flame
Swamp:1:  layout_falls_marsh, evilmike_swamp_ruin_house_3, swamp_pool1,
          hangedman_swamp_ravenous
Swamp:2:  cheibrodos_swamp_monstrosity, layout_falls_marsh,
          evilmike_swamp_ruin_house_1, lightli_tree_ring
Swamp:3:  layout_falls_marsh, serial_swamp_ruin, evilmike_swamp_ruin_rubble_2,
          evilmike_swamp_ruin_house_4, hangedman_swamp_ruin_wall,
          infiniplex_staircase_pool
Swamp:4:  swamp_old_school, layout_basic_swamp
Snake:1:  layout_misc_corridors, ebering_ghost_xom
Snake:2:  layout_chambers, grunt_ministairs_2, minmay_shop_grove
Snake:3:  layout_grid_shapes, minmay_shoptagon
Snake:4:  minmay_snake_end_coiled, layout_cave_shapes
Orc:1:    layout_caves
Orc:2:    st_orc_mages, layout_caves, uniq_saint_roka
Bailey:   bailey_polearm_gnolls_kennysheep, bailey
IceCv:    ice_cave_statue_garden_transporter
Gauntlet: gammafunk_gauntlet_hard_choice [nicolae_gauntlet_arena_blocks,
          nicolae_gauntlet_arena_x, nicolae_gauntlet_swirl,
          nicolae_gauntlet_arena_grate_2, gammafunk_gauntlet_arena_grid,
          gammafunk_gauntlet_arena_corners, gauntlet_exit_watery]

Table legend:
 A = Turns spent in this place as a percentage of turns spent in the entire game.
 B = Non-inter-level travel turns spent in this place as a percentage of non-inter-level travel turns spent in the entire game.
 C = Inter-level travel turns spent in this place as a percentage of turns spent in this place.
 D = Turns resting spent in this place as a percentage of non-inter-level travel turns spent in this place.
 E = Turns spent auto-exploring this place as a percentage of non-inter-level travel turns spent in this place.
 F = Non-inter-level travel turns spent in this place divided by the number of levels of this place that you've seen.
                   A       B       C       D       E      F
               +-------+-------+-------+-------+-------+----------------------
         Total | 100.0 | 100.0 |   0.8 |   0.0 |   0.0 | 420.6
       Dungeon |  45.1 |  45.5 |   0.0 |   0.0 |   0.0 | 509.8
        Temple |   0.2 |   0.2 |   0.0 |   0.0 |   0.0 |  25.0
          Lair |  30.3 |  29.7 |   2.6 |   0.0 |   0.0 | 666.8
         Swamp |   9.4 |   9.5 |   0.1 |   0.0 |   0.0 | 319.2
     Snake Pit |   4.2 |   4.2 |   0.0 |   0.0 |   0.0 | 142.5
  Orcish Mines |   5.6 |   5.7 |   0.0 |   0.0 |   0.0 | 383.0
        Bailey |   2.5 |   2.5 |   0.0 |   0.0 |   0.0 | 339.0
      Ice Cave |   0.8 |   0.8 |   0.0 |   0.0 |   0.0 | 109.0
      Gauntlet |   1.9 |   1.9 |   0.0 |   0.0 |   0.0 | 253.0
               +-------+-------+-------+-------+-------+----------------------

Table legend:
 A = Kills in this place as a percentage of kills in entire the game.
 B = Kills by you in this place as a percentage of kills by you in the entire game.
 C = Kills by friends in this place as a percentage of kills by friends in the entire game.
 D = Other kills in this place as a percentage of other kills in the entire game.
 E = Experience gained in this place as a percentage of experience gained in the entire game.
 F = Experience gained in this place divided by the number of levels of this place that you have seen.
                   A       B       C       D       E      F
               +-------+-------+-------+-------+-------+----------------------
         Total | 100.0 | 100.0 | 100.0 | 100.0 | 100.0 | 6076.8
       Dungeon |  28.8 |  29.2 |   0.0 |   0.0 |  12.2 | 1977.2
          Lair |  34.3 |  34.0 | 100.0 |   0.0 |  37.5 | 12168.2
         Swamp |  12.8 |  12.6 |   0.0 |  60.0 |  27.7 | 13463.8
     Snake Pit |   6.2 |   6.0 |   0.0 |  40.0 |  13.9 | 6766.0
  Orcish Mines |  10.1 |  10.2 |   0.0 |   0.0 |   3.6 | 3487.5
        Bailey |   3.8 |   3.8 |   0.0 |   0.0 |   0.6 | 1203.0
      Ice Cave |   1.3 |   1.3 |   0.0 |   0.0 |   1.5 | 2824.0
      Gauntlet |   2.8 |   2.8 |   0.0 |   0.0 |   3.0 | 5802.0
               +-------+-------+-------+-------+-------+----------------------
